Map: 포트 알렉산더 - 래더

Players

Solar

  • Race: Zerg Zerg
  • Spawn Location: 11:00

gumiho - Winner!

  • Race: Terran Terran
  • Spawn Location: 5:00

Event: IEM Season 13: Katowice (2019)

VOD

Have the link to the VOD?

Description

Time

  • Played on: March 1, 2019, 6:50 a.m.
  • Length: 5:24

All games in this series

Show
View Real Time Build Order
Export as new Build Order

Solar Zerg 

Build Orders: Hatch First, Roach Nydus 

Get SALT Encoding   

  12  0:02  Drone  
  13  0:13  Overlord  
  13  0:18  Drone  
  14  0:32  Drone x2  
  16  0:50  Hatchery  
  16  0:53  Drone  
  16  0:56  Drone  
  17  0:59  Drone  
  18  1:10  Extractor  
  17  1:16  Spawning Pool  
  17  1:18  Drone  
  17  1:22  Drone  
  18  1:29  Drone  
  19  1:44  Drone  
  20  1:56  Overlord  
  20  2:02  Queen x2  
  20  2:05  Zergling x4  
  26  2:14  Drone  
  26  2:15  Drone  
  28  2:28  Hatchery  
  27  2:31  Drone  
  27  2:34  Drone  
  29  2:44  Lair  
  29  2:46  Drone  
  29  2:50  Drone  
  31  2:53  Drone  
  31  2:56  Drone  
  33  3:02  Queen  
  35  3:07  Overlord  
  35  3:10  Drone  
  36  3:18  Roach Warren  
  35  3:20  Drone  
  35  3:25  Drone  
  35  3:26  Drone  
  38  3:30  Extractor, Drone  
  38  3:32  Drone  
  39  3:34  Overlord  
  39  3:41  Nydus Network  
  38  3:50  Drone  
  39  3:57  Roach  
  39  3:58  Roach x3  
  41  4:13  Roach x2  
  38  4:20  Nydus Canal  
  38  4:22  Overlord  
  37  4:28  Roach  
  38  4:34  Roach  
  40  4:41  Roach  
  42  4:47  Roach  
  42  4:54  Roach  
  42  4:59  Overlord  
  36  5:07  Drone  
  36  5:08  Drone  
  36  5:11  Drone  
Show
View Real Time Build Order
Export as new Build Order

gumiho Terran - Winner!

Build Orders: Hellion Banshee 

Get SALT Encoding   

  12  0:00  SCV  
  13  0:12  SCV  
  14  0:17  Supply Depot  
  14  0:24  SCV  
  15  0:29  Refinery  
  15  0:39  SCV  
  16  0:45  Barracks  
  16  0:51  SCV  
  17  1:03  SCV  
  18  1:15  SCV  
  19  1:32  Reaper, Orbital Command  
  20  1:44  Command Center  
  20  1:55  Factory  
  20  1:59  SCV  
  21  2:06  Refinery  
  21  2:07  Barracks Reactor  
  21  2:11  SCV  
  22  2:17  Supply Depot  
  22  2:23  SCV  
  23  2:39  SCV  
  23  2:41  Starport  
  24  2:49  Hellion x2  
  24  2:51  SCV  
  29  2:56  Orbital Command  
  29  3:03  SCV  
  29  3:04  Barracks Tech Lab  
  30  3:10  Hellion  
  30  3:12  Hellion  
  34  3:15  SCV  
  35  3:22  SCV  
  36  3:28  SCV  
  38  3:34  SCV  
  38  3:35  Supply Depot  
  38  3:36  Viking  
  40  3:42  Cloaking Field  
  40  3:43  SCV  
  40  3:46  SCV  
  42  3:51  Hellion x2  
  46  3:56  SCV  
  46  3:58  SCV  
  48  4:03  Barracks Tech Lab  
  48  4:05  Bunker  
  48  4:08  Banshee  
  48  4:09  SCV  
  52  4:10  SCV  
  53  4:22  Marauder  
  48  4:26  Hellion x2  
  48  4:28  SCV x2  
  52  4:44  Marauder  
  44  4:48  SCV  
  44  4:49  SCV  
  44  4:50  Hellion  
  42  4:55  Hellion  
  41  5:00  SCV  
  41  5:01  SCV  

Tags
 
Add a new tag
Caveats
  • Supply blocks, unpowered buildings, or Contaminate may cause inaccurate times.
  • Supply counts are checked every 10 seconds.